 Dungeon Crawl Stone Soup version 0.26-a0-844-g3dd439832f (webtiles) character file.

Game seed: 11391727859671662408

595 robertstho the Gusty (level 7, 0/51 HPs)
             Began as a Gnoll Air Elementalist on Nov 18, 2020.
             Succumbed to a gnoll's poison
             ... on level 5 of the Dungeon.
             The game lasted 00:08:40 (5613 turns).

robertstho the Gusty (Gnoll Air Elementalist)       Turns: 5613, Time: 00:08:41

Health: 0/51       AC:  2    Str: 11    XL:     7   Next: 40%
Magic:  0/15       EV: 15    Int: 19    God:
Gold:   178        SH:  0    Dex: 15    Spells: 2/17 levels left

rFire    . . .     SeeInvis .   i - +0 long sword
rCold    . . .     Faith    .   (no shield)
rNeg     . . .     Spirit   .   a - +0 robe
rPois    .         Reflect  .   (no helmet)
rElec    .         Harm     .   (no cloak)
rCorr    .         Rampage  .   (no gloves)
MR       .....                  (no boots)
Stlth    +++.......             (no amulet)
HPRegen  0.17/turn              (no ring)
MPRegen  0.14/turn              (no ring)

@: lethally poisoned (0 -> -32), flying
A: distributed training, fangs 1, strong nose
a: no special abilities


You were on level 5 of the Dungeon.
You visited 1 branch of the dungeon, and saw 5 of its levels.
You also visited: Ossuary.

You collected 178 gold pieces.

Inventory:

Hand Weapons
 i - a +0 long sword (weapon)
Missiles
 j - 14 poisoned darts (quivered)
Armour
 a - a +0 robe (worn)
Jewellery
 d - an uncursed amulet of faith {unknown}
 g - an uncursed ring of positive energy
 l - an uncursed amulet of the acrobat {unknown}
 s - an uncursed ring of positive energy
Wands
 r - a wand of digging (2)
Scrolls
 b - 4 scrolls of remove curse
 c - a scroll of enchant armour {unknown}
 f - 4 scrolls of identify
 k - a scroll of magic mapping {unknown}
 m - a scroll of fog {unknown}
 n - 2 scrolls of teleportation


   Skills:
 + Level 2.4 Fighting
 + Level 2.4 Short Blades
 + Level 2.4 Long Blades
 + Level 2.4 Axes
 + Level 2.4 Maces & Flails
 + Level 2.4 Polearms
 + Level 2.4 Staves
 + Level 2.4 Slings
 + Level 2.4 Bows
 + Level 2.4 Crossbows
 + Level 2.4 Throwing
 + Level 2.4 Armour
 + Level 5.2 Dodging
 + Level 4.9 Stealth
 + Level 2.4 Shields
 + Level 2.4 Unarmed Combat
 + Level 5.6 Spellcasting
 + Level 3.0 Conjurations
 + Level 2.0 Hexes
 + Level 2.0 Summonings
 + Level 2.0 Necromancy
 + Level 2.0 Translocations
 + Level 2.0 Transmutations
 + Level 2.0 Fire Magic
 + Level 2.0 Ice Magic
 + Level 5.8 Air Magic
 + Level 2.0 Earth Magic
 + Level 2.0 Poison Magic
 + Level 2.7 Invocations
 + Level 2.4 Evocations


You had 2 spell levels left.
You knew the following spells:

 Your Spells              Type           Power        Failure   Level
a - Shock                 Conj/Air       ###.         1%          1
b - Swiftness             Air            ####....     1%          2
c - Static Discharge      Conj/Air       ###.....     6%          3
d - Airstrike             Air            ####......   11%         4
e - Lightning Bolt        Conj/Air       ###.......   47%         5

Your spell library contained the following spells:

 Spells                   Type           Power        Failure   Level
 Animate Skeleton         Necr           ##....       4%          1
 Apportation              Tloc           ##....       4%          1
 Corona                   Hex            ##.....      4%          1
 Summon Small Mammal      Summ           ##..         4%          1


Dungeon Overview and Level Annotations

Branches:
Dungeon (5/15)            Ossuary (visited)
 Temple: D:4-7

Altars:
Ashenzari
Cheibriados
Gozag
Hepliaklqana
Makhleb
Vehumet
Xom


Innate Abilities, Weirdness & Mutations

Your experience applies equally to all skills.
You have very sharp teeth.
Your uncanny sense of smell can sniff out nearby items.


Message History

You hit the gnoll.
The gnoll is heavily wounded.
You feel very sick. The gnoll misses you.
You riposte.
You hit the gnoll. You bite the gnoll, but do no damage.
The gnoll is severely wounded.
You closely miss the gnoll.
The gnoll is severely wounded.
* * * LOW HITPOINT WARNING * * *
You feel very sick. The gnoll barely misses you.
You riposte.
You barely miss the gnoll.
The gnoll is severely wounded.
The gnoll hits you with a +2 spear of venom!
* * * LOW HITPOINT WARNING * * *
Evoke which item? (* to show all) (? for menu, Esc to quit)
Okay, then.
It was a potion of flight.
You feel very buoyant.
You fly up into the air.
You die...

######## #.# ######
#.# #.# ...... #.# #.#
...... #.# #.# ######
#.# #.# #.# #.# #.#
#.#
#######.############.#
..........g@.........#
..[.....##############
........# ........#
........# ..(g....#
#########


You could see a gnoll.

Vanquished Creatures
  An ogre (D:4)
  A centaur (D:5)
  A scorpion (D:4)
  An orc priest (D:4)
  2 orc wizards
  Terence (D:3)
  2 worker ants (D:4)
  2 gnolls (D:5)
  6 adders
  2 shadow imps (D:5)
  3 worms
  4 dart slugs
  A leopard gecko (D:5)
  17 orcs
  2 ball pythons
  3 bats
  7 giant cockroaches
  13 hobgoblins
  6 jackals (D:2)
  A quokka (D:3)
  3 frilled lizards
  8 goblins
  7 hobgoblin zombies (Ossuary)
  5 kobolds
  6 kobold zombies (Ossuary)
  3 orc zombies (Ossuary)
  5 rats
113 creatures vanquished.

Notes
Turn   | Place    | Note
-------+----------+-------------------------------------------
     0 | D:1      | robertstho the Gnoll Air Elementalist began the quest for
                  | the Orb.
     0 | D:1      | Reached XP level 1. HP: 13/13 MP: 6/6
   188 | D:1      | Reached XP level 2. HP: 19/19 MP: 2/7
  1079 | D:2      | Reached XP level 3. HP: 25/25 MP: 7/9
  1100 | D:2      | Found an opulent altar of Gozag.
  1100 | D:2      | Found a broken altar of Ashenzari.
  1243 | D:2      | Reached skill level 5 in Spellcasting
  1605 | D:2      | Reached skill level 1 in Invocations
  1872 | D:2      | You fall into a shaft and drop 1 floor!
  1876 | D:3      | Reached skill level 1 in Fighting
  1876 | D:3      | Reached skill level 1 in Short Blades
  1876 | D:3      | Reached skill level 1 in Long Blades
  1876 | D:3      | Reached skill level 1 in Axes
  1876 | D:3      | Reached skill level 1 in Maces & Flails
  1876 | D:3      | Reached skill level 1 in Polearms
  1876 | D:3      | Reached skill level 1 in Staves
  1876 | D:3      | Reached skill level 1 in Slings
  1876 | D:3      | Reached skill level 1 in Bows
  1876 | D:3      | Reached skill level 1 in Crossbows
  1876 | D:3      | Reached skill level 1 in Throwing
  1876 | D:3      | Reached skill level 1 in Armour
  1876 | D:3      | Reached skill level 1 in Shields
  1876 | D:3      | Reached skill level 1 in Unarmed Combat
  1876 | D:3      | Reached skill level 1 in Evocations
  1929 | D:3      | Reached XP level 4. HP: 32/32 MP: 7/11
  2212 | D:3      | Learned a level 2 spell: Swiftness
  2216 | D:3      | Learned a level 3 spell: Static Discharge
  2221 | D:3      | Learned a level 4 spell: Airstrike
  2408 | D:3      | Reached skill level 1 in Hexes
  2408 | D:3      | Reached skill level 1 in Summonings
  2408 | D:3      | Reached skill level 1 in Necromancy
  2408 | D:3      | Reached skill level 1 in Translocations
  2408 | D:3      | Reached skill level 1 in Transmutations
  2408 | D:3      | Reached skill level 1 in Fire Magic
  2408 | D:3      | Reached skill level 1 in Ice Magic
  2408 | D:3      | Reached skill level 1 in Earth Magic
  2408 | D:3      | Reached skill level 1 in Poison Magic
  2634 | D:3      | Noticed Terence
  2643 | D:3      | Killed Terence
  2644 | D:3      | Reached XP level 5. HP: 37/37 MP: 1/12
  3124 | D:3      | Found a burning altar of Makhleb.
  3294 | D:4      | Noticed an ogre
  3302 | D:4      | Killed an ogre
  3576 | D:4      | Reached XP level 6. HP: 44/44 MP: 11/13
  3759 | D:4      | Reached skill level 5 in Dodging
  3763 | D:4      | Found a snail-covered altar of Cheibriados.
  3796 | D:4      | Noticed a phantom
  3801 | D:5      | Entered Level 5 of the Dungeon
  3816 | D:5      | Learned a level 5 spell: Lightning Bolt
  3823 | D:5      | Found a sand-covered staircase.
  3832 | Ossuary  | Entered an ossuary
  4302 | Ossuary  | HP: 1/44 [human zombie (6)]
  4629 | D:5      | Reached XP level 7. HP: 46/50 MP: 8/15
  4707 | D:5      | Found a shimmering altar of Xom.
  4708 | D:5      | Found a hazy altar of Hepliaklqana.
  4709 | D:5      | Noticed a spectral ugly thing
  5387 | D:5      | Found a radiant altar of Vehumet.
  5612 | D:5      | HP: 2/51 [gnoll/+2 spear of venom (11)]
  5613 | D:5      | Succumbed to a gnoll's poison

Illustrated notes

Levels and vault maps discovered:
D:1:      dpeg_arrival_court, layout_basic
D:2:      layout_basic, gammafunk_temple_overflow_statue
D:3:      layout_basic, lemuel_doored_altar, uniq_terence
D:4:      layout_rooms, good_gods_mini_temple, kennysheep_slug_shrine,
          cheibrodos_sewer_entry_bend, serial_shops, shop_statue,
          hangedman_decor_push
D:5:      layout_basic, regret_index_temple_of_mockery,
          lemuel_coloured_pillars_altar, enter_ossuary_1

Skill      XL: |  1  2  3  4  5  6  7 |
---------------+----------------------+-----
Conjurations   | 2 3 |  3.0
Spellcasting   | 5 |  5.6
Invocations    | 1 2 |  2.7
Fighting       | 1 2 |  2.4
Short Blades   | 1 2 |  2.4
Long Blades    | 1 2 |  2.4
Axes           | 1 2 |  2.4
Maces & Flails | 1 2 |  2.4
Polearms       | 1 2 |  2.4
Staves         | 1 2 |  2.4
Slings         | 1 2 |  2.4
Bows           | 1 2 |  2.4
Crossbows      | 1 2 |  2.4
Throwing       | 1 2 |  2.4
Armour         | 1 2 |  2.4
Shields        | 1 2 |  2.4
Unarmed Combat | 1 2 |  2.4
Evocations     | 1 2 |  2.4
Hexes          | 1 2 |  2.0
Summonings     | 1 2 |  2.0
Necromancy     | 1 2 |  2.0
Translocations | 1 2 |  2.0
Transmutations | 1 2 |  2.0
Fire Magic     | 1 2 |  2.0
Ice Magic      | 1 2 |  2.0
Earth Magic    | 1 2 |  2.0
Poison Magic   | 1 2 |  2.0
Dodging        | 5 |  5.2
Stealth        | |  4.9
Air Magic      | |  5.8

Action                   |  1- 3 |  4- 6 |  7- 9 || total
-------------------------+-------+-------+-------++-------
Melee: Long sword        |       |    68 |    51 ||   119
       Bite              |       |     9 |     7 ||    16
       Punch             |       |     1 |     1 ||     2
 Cast: Shock             |    79 |    60 |     1 ||   140
       Static Discharge  |       |    17 |    11 ||    28
       Airstrike         |       |     6 |       ||     6
  Use: Potion            |       |     9 |     2 ||    11
       Scroll            |       |     3 |       ||     3
 Stab: Sleeping          |       |     1 |     1 ||     2
Armor: Robe              |       |     9 |     4 ||    13
Dodge: Dodged            |     4 |    89 |    43 ||   136
       Rpst.: Long sword |       |    27 |    16 ||    43

Table legend: (Time is in decaauts)
 A = Elapsed time spent in this place.
 B = Non-inter-level travel time spent in this place.
 C = Inter-level travel time spent in this place.
 D = Time resting spent in this place.
 E = Time spent auto-exploring this place.
 F = Levels seen in this place.
 G = Mean time per level.
                   A        B        C        D        E       F      G
               +--------+--------+--------+--------+--------+-----+--------+
         Total |   5633 |   5553 |     80 |    345 |   4463 |   6 |  938.8 |
       Dungeon |   5124 |   5044 |     80 |      2 |   4420 |   5 | 1024.8 |
       Ossuary |    509 |    509 |      0 |    343 |     43 |   1 |  509.0 |
               +--------+--------+--------+--------+--------+-----+--------+

Top non-repeatable levels by time:
     D:3: 1655 daAuts
     D:5: 1313 daAuts
     D:1: 1013 daAuts
     D:2: 858 daAuts
 Ossuary: 509 daAuts
     D:4: 284 daAuts
